 Dungeon Crawl Stone Soup version 0.19.1-1-g22dce08 (webtiles) character file.

274 ImaNewbie the Firebug (level 6, 0/41 HPs)
             Began as a Human Fire Elementalist on Jan 5, 2017.
             Slain by a scorpion (3 damage)
             ... on level 4 of the Dungeon.
             The game lasted 00:14:09 (4823 turns).

ImaNewbie the Firebug (Human Fire Elementalist)     Turns: 4823, Time: 00:14:10

Health: 0/41       AC:  6    Str:  8    XL:     6   Next: 49%
Magic:  4/9        EV:  6    Int: 18    God:
Gold:   200        SH:  0    Dex: 13    Spells: 2 memorised, 5 levels left

rFire  . . .     SeeInvis .     s - -2 dagger (curse)
rCold  . . .     Gourm    .     i - +0 robe
rNeg   . . .     Faith    .     (no shield)
rPois  +         Spirit   .     m - +1 helmet of Death Resistance {rPois}
rElec  .         Reflect  .     (no cloak)
rCorr  .         Harm     .     f - +0 pair of gloves
MR     .....                    (no boots)
Stlth  ++........               (no amulet)
                                l - -6 ring of evasion (curse)
                                d - +1 ring of protection

@: very slightly contaminated, drained
A: no striking features
a: no special abilities


You were on level 4 of the Dungeon.
You were very hungry.

You visited 1 branch of the dungeon, and saw 4 of its levels.

You collected 200 gold pieces.

Inventory:

Hand Weapons
 a - a +4 dagger
 b - a +0 blowgun
 s - a cursed -2 dagger (weapon)
Missiles
 k - 5 poisoned needles
Armour
 f - a +0 pair of gloves (worn)
 i - a +0 robe (worn)
 m - the +1 helmet of Death Resistance (worn) {rPois}
   (You took it off Robin on level 2 of the Dungeon)

   It protects you from poison.
Jewellery
 d - a +1 ring of protection (left hand)
 l - a cursed -6 ring of evasion (right hand)
Scrolls
 j - 4 scrolls of teleportation
Potions
 e - a potion of might
 h - a potion of heal wounds
 n - 2 potions of curing {unknown}
 o - 2 potions of agility
 p - 3 potions of lignification
 u - a potion of haste {unknown}
Books
 q - a book of Flames

   Spells                             Type                      Level
   a - Flame Tongue                   Conjuration/Fire             1
   b - Throw Flame                    Conjuration/Fire             2
   c - Conjure Flame                  Conjuration/Fire             3
   d - Inner Flame                    Hexes/Fire                   3
   e - Sticky Flame                   Conjuration/Fire             4
   f - Fireball                       Conjuration/Fire             5
 r - a book of Misfortune

   Spells                             Type                      Level
   a - Confusing Touch                Hexes                        1
   b - Confuse                        Hexes                        3
   c - Gell's Gravitas                Hexes/Translocation          3
   d - Petrify                        Transmutation/Earth          4
   e - Metabolic Englaciation         Hexes/Ice                    5
   f - Yara's Violent Unravelling     Hexes/Transmutation          5
Comestibles
 c - 2 bread rations
 t - a meat ration


   Skills:
 - Level 2.0(1.9) Dodging
 - Level 2.0(1.9) Stealth
 - Level 2.0(1.9) Spellcasting
 + Level 4.3(4.2) Conjurations
 + Level 5.2(5.1) Fire Magic


You had 5 spell levels left.
You knew the following spells:

 Your Spells              Type           Power        Failure   Level  Hunger
a - Flame Tongue          Conj/Fire      ###..        2%          1    #......
b - Conjure Flame         Conj/Fire      ###.....     10%         3    ###....


Dungeon Overview and Level Annotations

Branches:
Dungeon (4/15)
 Temple: D:4-7

Altars:

Annotations:
D:4 Blork the orc


Message History

Confirm with . or Enter, or press ? or * to list all spells.
Aiming: Flame Tongue
Press: ? - help, Shift-Dir - straight line, f/p - Blork the orc
Aim: Blork the orc, wielding a halberd of chopping and wearing a robe (moderately wounded, fast)
The flame tongue hits the scorpion.
The scorpion appears unharmed.
You are feeling very hungry.
Blork the orc mumbles some strange words.
The scorpion stings you.
Casting: Flame Tongue
Confirm with . or Enter, or press ? or * to list all spells.
Aiming: Flame Tongue
Press: ? - help, Shift-Dir - straight line, f/p - Blork the orc
Aim: Blork the orc, wielding a halberd of chopping and wearing a robe (moderately wounded, fast)
You miscast Flame Tongue.
You are very lightly contaminated with residual magic.
Nothing appears to happen.
Blork the orc hits you from afar with a halberd of chopping!
* * * LOW HITPOINT WARNING * * *
x2 The scorpion stings you.
You die...

#. #.#
#.#
....$.
#. #@#
#.#
#.# #
#s#
#.# ?#
.o.
..# #
...##
###
.....
#.#...
#.#.##
# #.


You could see Blork the orc and a scorpion.

Vanquished Creatures
  A scorpion (D:3)
  A bullfrog skeleton (D:4)
  An orc wizard (D:4)
  Robin (D:2)
  7 adders
  An ooze (D:3)
  2 dart slugs
  3 leopard geckos
  2 orcs
  6 giant cockroaches
  15 goblins
  8 hobgoblins
  7 jackals (D:2)
  A quokka (D:3)
  2 ball pythons
  7 bats
  5 frilled lizards
  4 kobolds
  9 rats
83 creatures vanquished.

Notes
Turn   | Place    | Note
-------+----------+-------------------------------------------
     0 | D:1      | ImaNewbie the Human Fire Elementalist began the quest for the Orb.
     0 | D:1      | Reached XP level 1. HP: 13/13 MP: 3/3
   148 | D:1      | Reached XP level 2. HP: 13/19 MP: 0/5
   750 | D:1      | Reached XP level 3. HP: 20/24 MP: 1/6
  1315 | D:2      | Noticed Robin
  1846 | D:2      | Reached XP level 4. HP: 27/30 MP: 4/7
  2401 | D:2      | Reached XP level 5. HP: 35/35 MP: 4/8
  2457 | D:2      | Killed Robin
  2475 | D:2      | Got a slimy helmet
  2481 | D:2      | Identified the +1 helmet of Death Resistance {rPois} (You took it off Robin on level 2 of the Dungeon)
  2996 | D:3      | Reached skill level 4 in Fire Magic
  3585 | D:3      | Reached XP level 6. HP: 41/41 MP: 6/9
  3755 | D:3      | Learned a level 3 spell: Conjure Flame
  4435 | D:4      | Reached skill level 5 in Fire Magic
  4815 | D:4      | Noticed Blork the orc
  4823 | D:4      | Slain by a scorpion

Skill      XL: |  1  2  3  4  5  6 |
---------------+-------------------+-----
Conjurations   | 2 3 4 |  4.3
Fire Magic     | 4 5 |  5.2
Dodging        | |  2.0
Stealth        | |  2.0
Spellcasting   | |  2.0

Action                   |  1- 3 |  4- 6 || total
-------------------------+-------+-------++-------
Melee: Unarmed           |     7 |       ||     7
       Dagger            |    55 |     6 ||    61
 Cast: Flame Tongue      |    39 |   111 ||   150
  Use: Scroll            |       |     9 ||     9
 Stab: Sleeping          |     1 |       ||     1
  Eat: Chunk             |     4 |    10 ||    14
       Beef jerky        |       |     1 ||     1
Armor: Robe              |    24 |    17 ||    41
Dodge: Dodged            |    53 |    40 ||    93
